 Dungeon Crawl Stone Soup version 0.29.1-13-g9f3cf754e1 (webtiles) character file.

Game seed: 7182295087822981245

389 cdecastro the Magician (level 6, -5/47 HPs)
             Began as a Gnoll Wanderer on Feb 5, 2023.
             Slain by an ogre
             ... wielding a +0 giant club
              (28 damage)
             ... on level 4 of the Dungeon.
             The game lasted 00:11:19 (4645 turns).

cdecastro the Magician (Gnoll Wanderer)             Turns: 4645, Time: 00:11:20

Health: -5/47      AC:  2    Str: 11    XL:     6   Next: 79%
Magic:  10/14      EV: 11    Int: 15    God:
Gold:   167        SH:  5    Dex: 10    Spells: 13/15 levels left

rFire   . . .      SeeInvis .   p - +3 whip
rCold   . . .      Faith    .   d - +0 buckler
rNeg    . . .      Spirit   .   c - +0 robe
rPois   .          Reflect  .   (no helmet)
rElec   .          Harm     .   (no cloak)
rCorr   .          Rampage  .   (no gloves)
Will    .....                   (no boots)
Stlth   ++........              (no amulet)
HPRegen 0.15/turn               (no ring)
MPRegen 0.14/turn               (no ring)

@: no status effects
A: fangs 1, strong nose, distributed training
a: no special abilities


You were on level 4 of the Dungeon.
You visited 1 branch of the dungeon, and saw 4 of its levels.
You also visited: Sewer.

You collected 207 gold pieces.
You spent 40 gold pieces at shops.

Inventory:

Hand Weapons
 a - a +0 club
 p - a +3 whip (weapon)
 s - a +0 rapier of electrocution
Armour
 c - a +0 robe (worn)
 d - a +0 buckler (worn)
Wands
 l - a wand of digging (3)
Scrolls
 e - 5 scrolls of identify {unknown}
 f - a scroll of butterflies {unknown}
 g - 3 scrolls of teleportation {unknown}
 i - 2 scrolls of blinking
 k - 2 scrolls of immolation {unknown}
 m - a scroll of torment {unknown}
 n - a scroll of noise {unknown}
 o - a scroll of magic mapping {unknown}
Potions
 b - a potion of attraction
 h - a potion of might {unknown}
 j - a potion of ambrosia {unknown}
 q - a potion of curing {unknown}
 r - a potion of flight {unknown}


   Skills:
 + Level 3.4 Fighting
 + Level 2.2 Short Blades
 + Level 2.2 Long Blades
 + Level 2.2 Axes
 + Level 2.2 Maces & Flails
 + Level 2.2 Polearms
 + Level 2.2 Staves
 + Level 2.2 Ranged Weapons
 + Level 2.2 Throwing
 + Level 5.1 Armour
 + Level 2.2 Dodging
 + Level 2.2 Stealth
 + Level 5.1 Shields
 + Level 2.2 Unarmed Combat
 + Level 5.4 Spellcasting
 + Level 1.7 Conjurations
 + Level 1.7 Hexes
 + Level 1.7 Summonings
 + Level 1.7 Necromancy
 + Level 1.7 Translocations
 + Level 2.8 Transmutations
 + Level 1.7 Fire Magic
 + Level 4.2 Ice Magic
 + Level 1.7 Air Magic
 + Level 1.7 Earth Magic
 + Level 1.7 Poison Magic
 + Level 2.4 Invocations
 + Level 2.2 Evocations


You had 13 spell levels left.
You knew the following spells:

 Your Spells              Type           Power      Damage    Failure   Level
a - Freeze                Ice            64%        1d8       3%          1
b - Sting                 Tmut/Pois      40%        1d5       8%          1

Your spell library contained the following spells:

 Spells                   Type           Power      Damage    Failure   Level
 Wereblood                Tmut           12%        N/A       10%         2
 Sublimation of Blood     Necr           9%         N/A       14%         2
 Spider Form              Tmut/Pois      10%        N/A       24%         3
 Inner Flame              Hex/Fire       9%         N/A       28%         3
 Ice Form                 Ice/Tmut       14%        N/A       43%         4
 Summon Ice Beast         Ice/Summ       13%        N/A       50%         4
 Cause Fear               Hex            4%         N/A       67%         4
 Summon Hydra             Summ           4%         N/A       100%        7
 Discord                  Hex            4%         N/A       100%        8


Dungeon Overview and Level Annotations

Branches:
Dungeon (4/15)              Sewer (visited)
 Temple: D:4-7

Altars:

Shops:
D:2 =   D:3 *([


Innate Abilities, Weirdness & Mutations

You have very sharp teeth.
Your uncanny sense of smell can sniff out nearby items.
Your experience applies equally to all skills.


Message History

Found four items.
There is a stone staircase leading up here.
Aiming: Freeze (safe; 3% risk of failure)
Press: ? - help, Q - select action, (/) - cycle Shift-Dir - straight line, f - ogre
Aim: an ogre, wielding a +0 giant club (asleep)
Okay, then.
Unknown command.
The helpless ogre fails to defend itself.
You hit the ogre.
The ogre is lightly wounded.
The ogre hits you with a +0 giant club!!
Ouch! That really hurt!
* * * LOW HITPOINT WARNING * * *
Unknown command.
Aiming: Freeze (safe; 3% risk of failure)
Press: ? - help, Q - select action, (/) - cycle Shift-Dir - straight line, f - ogre
Aim: an ogre, wielding a +0 giant club (lightly wounded)
You freeze the ogre.
The ogre is moderately wounded.
The ogre closely misses you.
Aiming: Freeze (safe; 3% risk of failure)
Press: ? - help, Q - select action, (/) - cycle Shift-Dir - straight line, f/p - ogre
Aim: an ogre, wielding a +0 giant club (moderately wounded)
You freeze the ogre.
The ogre is moderately wounded.
Unknown command.
Aiming: Freeze (safe; 3% risk of failure)
Press: ? - help, Q - select action, (/) - cycle Shift-Dir - straight line, f/p - ogre
Aim: an ogre, wielding a +0 giant club (moderately wounded)
You freeze the ogre.
The ogre is heavily wounded.
The ogre closely misses you.
Aiming: Freeze (safe; 3% risk of failure)
Press: ? - help, Q - select action, (/) - cycle Shift-Dir - straight line, f/p - ogre
Aim: an ogre, wielding a +0 giant club (heavily wounded)
You freeze the ogre!
The ogre is severely wounded.
The ogre hits you with a +0 giant club!!
Ouch! That really hurt!
You die...

.. ∆ ... ....
## ######....
#..###.......#
#.......O....##
#.?.#$@......#
#........[....
#..#..<.....#.
#. #....)...#
.....$.......
.............#.
.............#
...............
#....^.........


You could see an ogre.

Vanquished Creatures
  A scorpion (D:3)
  2 bullfrogs (Sewer)
  A river rat (D:3)
  7 adders
  2 worms (D:3)
  A dart slug (D:1)
  13 ball pythons
  17 endoplasms
  13 giant cockroaches
  7 goblins
  5 hobgoblins
  9 jackals
  15 quokkas
  2 bats
  10 frilled lizards
  7 kobolds
  5 rats
117 creatures vanquished.

Notes
Turn   | Place    | Note
-------+----------+-------------------------------------------
     0 | D:1      | cdecastro the Gnoll Wanderer began the quest for the Orb.
     0 | D:1      | cdecastro set off with the following items: a +0 club, a
                  | potion of attraction, a +0 robe, a +0 buckler; and the
                  | following spells available to memorise: Freeze, Sting,
                  | Spider Form, Ice Form, Summon Ice Beast.
     0 | D:1      | Reached XP level 1. HP: 17/17 MP: 6/6
    50 | D:1      | Learned a level 1 spell: Freeze
    52 | D:1      | Learned a level 1 spell: Sting
    97 | D:1      | Reached XP level 2. HP: 17/23 MP: 1/7
   937 | D:1      | Reached skill level 5 in Spellcasting
   937 | D:1      | Reached XP level 3. HP: 26/28 MP: 6/9
  1344 | D:2      | Reached skill level 1 in Invocations
  1660 | D:2      | Reached skill level 1 in Short Blades
  1660 | D:2      | Reached skill level 1 in Long Blades
  1660 | D:2      | Reached skill level 1 in Axes
  1660 | D:2      | Reached skill level 1 in Maces & Flails
  1660 | D:2      | Reached skill level 1 in Polearms
  1660 | D:2      | Reached skill level 1 in Staves
  1660 | D:2      | Reached skill level 1 in Ranged Weapons
  1660 | D:2      | Reached skill level 1 in Throwing
  1660 | D:2      | Reached skill level 1 in Dodging
  1660 | D:2      | Reached skill level 1 in Stealth
  1660 | D:2      | Reached skill level 1 in Unarmed Combat
  1660 | D:2      | Reached skill level 1 in Evocations
  1766 | D:2      | Found Xediek's Jewellery Boutique.
  2202 | D:2      | Reached XP level 4. HP: 21/34 MP: 1/11
  2508 | D:3      | Found Wofer's Weapon Boutique.
  2510 | D:3      | Found Memirois's Assorted Antiques.
  2535 | D:3      | Bought a scroll labelled OSAMUA VOATRATUTI for 20 gold
                  | pieces
  2535 | D:3      | Bought a scroll labelled RYRALIRCHIFAL for 20 gold pieces
  2607 | D:3      | Found Wyisiogu's Armour Emporium.
  2742 | D:3      | Reached skill level 1 in Conjurations
  2742 | D:3      | Reached skill level 1 in Hexes
  2742 | D:3      | Reached skill level 1 in Summonings
  2742 | D:3      | Reached skill level 1 in Necromancy
  2742 | D:3      | Reached skill level 1 in Translocations
  2742 | D:3      | Reached skill level 1 in Fire Magic
  2742 | D:3      | Reached skill level 1 in Air Magic
  2742 | D:3      | Reached skill level 1 in Earth Magic
  2742 | D:3      | Reached skill level 1 in Poison Magic
  2828 | D:3      | Found a glowing drain.
  2832 | Sewer    | Entered a sewer
  3036 | Sewer    | Reached XP level 5. HP: 40/40 MP: 9/12
  3692 | Sewer    | Reached XP level 6. HP: 25/47 MP: 2/14
  3702 | Sewer    | Reached skill level 5 in Armour
  3702 | Sewer    | Reached skill level 5 in Shields
  4645 | D:4      | Slain by an ogre

Illustrated notes

Levels and vault maps discovered:
D:1:      amcnicky_arrival_gap_in_the_tavern_cellar, layout_basic,
          hangedman_decor_push
D:2:      layout_loops_corners, serial_shops, nicolae_lakefront_shop
D:3:      layout_basic, serial_shops, shop,
          nicolae_shop_competitors_out_of_business, nicolae_square_shop,
          gup_sewer_entry_spiral
D:4:      layout_cave_pools, temple_hall

Skill      XL: |  1  2  3  4  5  6 |
---------------+-------------------+-----
Transmutations | 2 |  2.8
Spellcasting   | 5 |  5.4
Invocations    | 1 2 |  2.4
Short Blades   | 1 2 |  2.2
Long Blades    | 1 2 |  2.2
Axes           | 1 2 |  2.2
Maces & Flails | 1 2 |  2.2
Polearms       | 1 2 |  2.2
Staves         | 1 2 |  2.2
Ranged Weapons | 1 2 |  2.2
Throwing       | 1 2 |  2.2
Dodging        | 1 2 |  2.2
Stealth        | 1 2 |  2.2
Unarmed Combat | 1 2 |  2.2
Evocations     | 1 2 |  2.2
Conjurations   | 1 |  1.7
Hexes          | 1 |  1.7
Summonings     | 1 |  1.7
Necromancy     | 1 |  1.7
Translocations | 1 |  1.7
Fire Magic     | 1 |  1.7
Air Magic      | 1 |  1.7
Earth Magic    | 1 |  1.7
Poison Magic   | 1 |  1.7
Fighting       | 3 |  3.4
Ice Magic      | 4 |  4.2
Armour         | 5 |  5.1
Shields        | 5 |  5.1

Action                   |  1- 3 |  4- 6 || total
-------------------------+-------+-------++-------
Melee: Club              |    32 |     1 ||    33
       Bite              |     5 |     5 ||    10
       Whip              |       |    35 ||    35
 Cast: Freeze            |    62 |   127 ||   189
 Stab: Sleeping          |     1 |     2 ||     3
Armor: Robe              |    15 |    10 ||    25
Dodge: Dodged            |    42 |    80 ||   122
Block: Buckler           |    22 |    29 ||    51
